Map: Goldenaura LE

Players

MacroMonster - Winner!

  • Race: Protoss Protoss
  • League: Platinum
  • Spawn Location: 5:00

PRAGG

  • Race: Zerg Zerg
  • League: Diamond
  • Spawn Location: 12:00

VOD

Have the link to the VOD?

Description

Time

  • Played on: Oct. 26, 2024, 7:36 p.m.
  • Length: 19:23
Show
View Real Time Build Order
Export as new Build Order

MacroMonster Protoss - Winner!

Build Orders: 1 Gate Expand, Double Forge, Carriers, Chargelot Immortal 

Get SALT Encoding   

  12  0:01  Probe  
  13  0:13  Probe  
  14  0:22  Pylon  
  14  0:25  Probe  
  15  0:40  Probe, Gateway  
  16  0:49  Assimilator  
  16  0:52  Probe (Chrono Boost)  
  17  1:02  Probe (Chrono Boost)  
  18  1:07  Probe (Chrono Boost)  
  19  1:19  Probe  
  20  1:28  Nexus  
  20  1:40  Cybernetics Core  
  20  1:50  Pylon  
  20  1:55  Probe (Chrono Boost)  
  20  1:56  Assimilator  
  21  2:05  Probe (Chrono Boost)  
  22  2:10  Probe (Chrono Boost)  
  23  2:16  Warp Gate  
  23  2:17  Stalker  
  23  2:22  Probe  
  26  2:32  Gateway  
  26  2:36  Probe (Chrono Boost)  
  27  2:41  Probe (Chrono Boost)  
  30  2:51  Probe (Chrono Boost)  
  30  2:52  Probe (Chrono Boost)  
  30  2:55  Robotics Facility  
  30  2:56  Probe (Chrono Boost)  
  31  3:02  Probe (Chrono Boost)  
  32  3:07  Probe (Chrono Boost)  
  34  3:14  Probe x2 (Chrono Boost)  
  34  3:19  Sentry  
  37  3:20  Pylon  
  37  3:22  Stalker  
  37  3:25  Probe (Chrono Boost)  
  41  3:30  Probe (Chrono Boost)  
  41  3:36  Probe (Chrono Boost)  
  41  3:38  Pylon  
  41  3:39  Probe (Chrono Boost)  
  43  3:49  Probe  
  43  3:52  Nexus  
  43  3:53  Pylon  
  44  4:03  Probe (Chrono Boost)  
  44  4:07  Probe (Chrono Boost)  
  46  4:14  Probe (Chrono Boost)  
  48  4:18  Probe (Chrono Boost), Gateway x2  
  48  4:20  Gateway  
  48  4:27  Probe  
  48  4:28  Immortal (Chrono Boost)  
  53  4:33  Twilight Council  
  53  4:43  Forge  
  53  4:44  Forge  
  53  4:46  Probe (Chrono Boost)  
  53  4:51  Probe (Chrono Boost)  
  55  4:59  Observer (Chrono Boost)  
  56  5:00  Probe (Chrono Boost)  
  50  5:14  Stalker  
  50  5:15  Stalker x4, Immortal (Chrono Boost)  
  63  5:22  Probe (Chrono Boost)  
  63  5:27  Probe x2 (Chrono Boost)  
  63  5:36  Probe x2 (Chrono Boost)  
  59  5:45  Stalker x4  
  59  5:47  Immortal  
  67  5:53  Shield Battery  
  63  5:59  Stalker  
  65  6:06  Assimilator  
  65  6:10  Assimilator  
  65  6:12  Assimilator  
  65  6:13  Probe x3  
  65  6:14  Assimilator  
  66  6:19  Zealot x2  
  66  6:20  Zealot x2  
  75  6:25  Probe x2  
  75  6:26  Charge (Chrono Boost)  
  76  6:34  Protoss Ground Weapons Level 1 (Chrono Boost)  
  76  6:41  Protoss Ground Armor Level 1 (Chrono Boost)  
  76  6:46  Zealot x2  
  76  6:47  Zealot x2  
  84  6:54  Pylon  
  84  6:58  Pylon  
  84  7:01  Pylon  
  84  7:02  Pylon  
  84  7:03  Pylon  
  84  7:04  Shield Battery, Pylon  
  85  7:11  Probe (Chrono Boost)  
  85  7:14  Probe (Chrono Boost)  
  87  7:17  Probe (Chrono Boost)  
  87  7:18  Photon Cannon  
  87  7:19  Probe (Chrono Boost)  
  87  7:20  Probe (Chrono Boost), Pylon  
  87  7:22  Zealot x3  
  93  7:23  Zealot x2  
  93  7:25  Probe  
  94  7:30  Probe  
  93  7:38  Templar Archives  
  93  7:46  Nexus  
  93  7:51  Shield Battery  
  93  7:57  Zealot x5  
  103  8:02  Immortal (Chrono Boost)  
  107  8:08  Psionic Storm  
  107  8:25  Robotics Facility  
  107  8:26  Zealot x3  
  113  8:33  Immortal  
  117  8:34  Zealot x2  
  121  8:41  Pylon  
  121  8:47  Gateway  
  121  8:48  Gateway  
  121  8:49  Gateway  
  121  8:50  Stalker, Sentry  
  121  8:55  Probe (Chrono Boost)  
  128  9:00  Probe x2 (Chrono Boost)  
  128  9:08  Probe (Chrono Boost)  
  128  9:09  Probe x2 (Chrono Boost)  
  132  9:12  Probe (Chrono Boost), High Templar x3, Observer  
  132  9:16  Probe (Chrono Boost)  
  142  9:17  Probe x2 (Chrono Boost), Protoss Ground Weapons Level 2 (Chrono Boost)  
  142  9:20  Probe (Chrono Boost)  
  142  9:21  Probe (Chrono Boost)  
  144  9:28  Protoss Ground Armor Level 2 (Chrono Boost)  
  144  9:30  Probe  
  143  9:42  Pylon  
  143  9:43  Assimilator  
  143  9:47  Pylon  
  143  9:48  Assimilator  
  143  9:49  Pylon  
  143  9:58  Zealot x6  
  155  10:00  Zealot x2  
  159  10:10  Stargate  
  159  10:11  Pylon  
  159  10:13  Immortal (Chrono Boost)  
  167  10:22  Pylon  
  167  10:23  Immortal (Chrono Boost)  
  167  10:24  Pylon  
  161  10:45  Immortal  
  157  10:55  Immortal  
  157  10:56  Zealot x4  
  157  10:57  Zealot  
  171  11:16  Fleet Beacon  
  171  11:33  Stargate  
  171  11:34  Nexus  
  171  11:36  Pylon  
  171  11:50  Protoss Ground Weapons Level 3 (Chrono Boost)  
  108  12:04  Protoss Air Weapons Level 1 (Chrono Boost), Zealot x5  
  100  12:27  Zealot x2  
  100  12:28  Zealot x2  
  108  12:30  Nexus  
  108  12:32  Carrier x2 (Chrono Boost), Pylon  
  108  12:33  Gateway  
  108  12:35  Gateway  
  108  12:36  Gateway  
  116  12:53  Immortal (Chrono Boost)  
  116  12:54  Immortal (Chrono Boost)  
  124  13:00  Protoss Shields Level 1 (Chrono Boost)  
  124  13:08  High Templar x5  
  124  13:09  Photon Cannon  
  124  13:10  Shield Battery  
  134  13:13  Photon Cannon  
  134  13:25  Probe (Chrono Boost), Observer  
  134  13:26  Probe x2 (Chrono Boost)  
  139  13:29  Carrier (Chrono Boost)  
  139  13:31  Probe (Chrono Boost), Carrier (Chrono Boost)  
  151  13:36  Probe x3 (Chrono Boost)  
  151  13:39  Probe (Chrono Boost)  
  151  13:40  Probe x2 (Chrono Boost)  
  155  13:47  Assimilator  
  157  13:50  Assimilator  
  157  13:57  Observer (Chrono Boost)  
  158  14:03  Zealot x3  
  158  14:04  Protoss Air Weapons Level 2 (Chrono Boost), Zealot  
  166  14:17  Probe x5  
  171  14:30  Carrier x2 (Chrono Boost)  
  175  14:47  Zealot x6  
  175  14:48  Assimilator  
  187  14:56  Assimilator  
  181  15:22  Zealot x5  
  181  15:28  Carrier x2  
  140  15:52  Zealot x2  
  140  15:53  Zealot  
  128  16:02  Probe x2 (Chrono Boost)  
  133  16:04  Probe x3 (Chrono Boost)  
  127  16:31  Nexus  
  127  16:32  Carrier x2, Pylon  
  137  16:35  High Templar x4  
  141  16:40  Zealot x4  
  149  17:01  Photon Cannon, High Templar x2  
  149  17:02  High Templar x3  
  149  17:04  Shield Battery  
  149  17:05  Photon Cannon  
  159  17:09  Pylon  
  159  17:16  High Templar x5  
  173  17:23  Observer (Chrono Boost)  
  173  17:28  Immortal (Chrono Boost)  
  174  17:36  Carrier x2  
  186  17:37  Photon Cannon  
  186  17:38  Shield Battery  
  186  17:40  Photon Cannon  
  186  17:44  Pylon  
  186  17:48  High Templar x3  
  186  17:51  Archon x3  
  192  18:01  Photon Cannon  
  192  18:16  Zealot x4  
  198  18:31  Observer (Chrono Boost)  
  193  18:55  Nexus  
  193  18:56  Pylon  
  193  18:59  Pylon  
Show
View Real Time Build Order
Export as new Build Order

PRAGG Zerg 

Build Orders: Hatch First, Lurkers 

Get SALT Encoding   

  12  0:08  Drone  
  12  0:12  Overlord  
  13  0:24  Drone  
  14  0:31  Drone x2  
  16  0:50  Hatchery  
  16  0:54  Drone  
  16  0:57  Drone  
  17  1:00  Extractor  
  17  1:13  Spawning Pool  
  17  1:17  Extractor  
  17  1:18  Drone  
  16  1:22  Drone  
  16  1:25  Drone  
  18  1:35  Drone  
  19  1:45  Extractor  
  18  1:47  Drone  
  19  1:57  Drone  
  19  2:00  Queen  
  22  2:03  Queen  
  24  2:11  Roach Warren  
  24  2:15  Drone  
  24  2:16  Drone  
  25  2:26  Overlord  
  25  2:29  Overlord  
  25  2:38  Drone x2  
  25  2:41  Drone  
  28  2:56  Lair  
  28  3:07  Metabolic Boost  
  28  3:12  Drone x3  
  31  3:13  Drone  
  32  3:22  Drone x2  
  34  3:27  Drone x2  
  36  3:38  Roach x2  
  40  3:42  Roach x2  
  40  3:46  Overlord  
  40  3:48  Overlord  
  44  4:05  Roach x3  
  44  4:06  Roach x2  
  54  4:16  Overlord x2  
  54  4:26  Roach x2  
  54  4:31  Drone x2  
  59  4:34  Roach  
  59  4:35  Roach x2  
  59  4:38  Glial Reconstitution  
  66  4:45  Roach x4  
  74  4:48  Roach  
  76  4:55  Roach, Overseer  
  76  4:58  Roach  
  76  5:11  Ravager  
  76  5:12  Ravager  
  74  5:16  Ravager  
  57  5:36  Zergling x12  
  59  5:45  Queen x2  
  59  5:56  Ravager  
  54  6:05  Zergling x8  
  55  6:14  Zergling x2  
  55  6:15  Zergling x2  
  52  6:31  Roach x2  
  52  6:32  Roach x2  
  58  6:35  Extractor x2  
  58  6:38  Queen x2  
  60  6:43  Hatchery  
  59  7:07  Evolution Chamber  
  58  7:15  Hatchery  
  57  7:17  Hatchery  
  57  7:21  Drone x2  
  57  7:22  Drone  
  59  7:23  Drone x2  
  59  7:24  Drone  
  59  7:25  Drone x3  
  63  7:39  Drone  
  63  7:40  Drone x3  
  67  7:45  Overlord x2  
  67  7:46  Overlord  
  67  7:47  Overlord  
  67  7:58  Drone x4  
  71  8:15  Drone  
  71  8:16  Drone x5  
  71  8:17  Drone x2  
  79  8:22  Hydralisk Den  
  79  8:23  Overseer  
  79  8:25  Overseer  
  78  8:32  Drone x3  
  78  8:33  Drone x3  
  84  8:36  Extractor  
  84  8:38  Drone x3, Extractor  
  84  8:40  Drone  
  84  8:41  Drone x2  
  88  8:51  Zerg Missile Weapons Level 1  
  88  8:57  Evolution Chamber  
  88  9:00  Evolution Chamber  
  86  9:15  Hatchery  
  85  9:33  Lurker Den  
  85  9:35  Drone x2  
  85  9:36  Drone x3  
  85  9:37  Drone x2  
  85  9:38  Drone x3  
  94  9:46  Hydralisk x4  
  94  9:47  Hydralisk x6  
  94  9:48  Hydralisk x2  
  94  9:49  Extractor  
  94  9:51  Overlord x3  
  94  9:52  Overlord x4  
  117  9:53  Extractor  
  116  10:03  Hatchery  
  115  10:17  Drone  
  114  10:32  Roach x5  
  114  10:33  Roach x2, Hydralisk x3  
  114  10:34  Hydralisk x6  
  114  10:35  Hydralisk x2  
  142  10:46  Zergling x10  
  142  10:47  Zergling x4  
  140  10:53  Lurker  
  140  10:54  Lurker x5  
  140  10:55  Lurker x5  
  149  11:14  Hydralisk  
  149  11:15  Hydralisk  
  149  11:16  Hydralisk  
  149  11:18  Hatchery, Extractor  
  153  11:21  Extractor  
  153  11:22  Extractor  
  153  11:24  Hatchery  
  150  11:34  Hydralisk  
  150  11:35  Hydralisk x5  
  144  12:03  Hydralisk x4  
  144  12:04  Hydralisk x5  
  144  12:06  Hydralisk  
  100  12:17  Zergling x8  
  100  12:18  Zergling x6  
  100  12:19  Zergling x2  
  100  12:31  Drone x5  
  100  12:32  Drone x3  
  107  13:07  Lurker x3  
  107  13:08  Lurker x4  
  107  13:09  Lurker  
  115  13:14  Drone x2  
  115  13:15  Drone  
  115  13:16  Drone x2  
  115  13:17  Drone  
  115  13:18  Drone  
  115  13:19  Drone x2  
  125  13:20  Drone x6  
  130  13:39  Zerg Ground Armor Level 1, Zerg Missile Weapons Level 2  
  130  13:40  Infestation Pit, Zerg Melee Weapons Level 1  
  129  14:08  Hydralisk x6  
  129  14:09  Hydralisk x15  
  166  14:58  Hydralisk x4  
  166  14:59  Hydralisk x4  
  184  15:04  Hive  
  182  15:10  Spire  
  107  15:47  Hydralisk  
  107  15:48  Hydralisk x17  
  120  15:53  Hydralisk  
  96  16:12  Drone  
  96  16:13  Drone x3  
  89  16:33  Drone x3  
  92  17:02  Hatchery  
  91  17:10  Hatchery  
  90  17:19  Extractor  
  89  17:26  Muscular Augments  
  89  17:32  Adaptive Talons  
  89  17:35  Drone x2  
  91  17:37  Drone  
  92  18:00  Overseer x3  
  62  18:31  Corruptor x4  
  70  18:34  Drone x2  
  70  18:36  Drone  
  70  18:40  Drone  
  75  18:41  Drone  
  75  18:48  Drone  
  75  18:49  Drone x3  
Tags
 
Add a new tag
Caveats
  • Supply blocks, unpowered buildings, or Contaminate may cause inaccurate times.
  • Supply counts are checked every 10 seconds.